 Dungeon Crawl Stone Soup version 0.30-a0-358-g0d69a19 (webtiles) character file.

Game seed: 6868943343368351776

94 Dorkslayer the Covered (level 4, -5/35 HPs)
             Began as a Human Fighter on Nov 10, 2022.
             Killed by divine providence
             ... invoked by an orc priest
              (8 damage)
             ... on level 3 of the Dungeon.
             The game lasted 00:03:47 (1722 turns).

Dorkslayer the Covered (Human Fighter)              Turns: 1722, Time: 00:03:48

Health: -5/35      AC:  9    Str: 16    XL:     4   Next: 94%
Magic:  4/4        EV:  9    Int:  9    God:
Gold:   171        SH:  5    Dex: 14    Spells: 3/3 levels left

rFire   . . .      SeeInvis .    a - +0 long sword
rCold   . . .      Faith    .    c - +0 buckler
rNeg    . . .      Spirit   .    b - +0 scale mail
rPois   .          Reflect  .    (no helmet)
rElec   .          Harm     .    (no cloak)
rCorr   .          Rampage  .    m - +0 pair of gloves
Will    .....                    j - +0 pair of boots
Stlth   ..........               (no amulet)
HPRegen 0.25/turn                (no ring)
MPRegen 0.09/turn                (no ring)

@: no status effects
A: no striking features
a: no special abilities


You were on level 3 of the Dungeon.
You visited 1 branch of the dungeon, and saw 3 of its levels.

You collected 171 gold pieces.

Inventory:

Hand Weapons
 a - a +0 long sword (weapon)
Missiles
 l - 8 poisoned darts (quivered)
Armour
 b - a +0 scale mail (worn)
 c - a +0 buckler (worn)
 j - a +0 pair of boots (worn)
 m - a +0 pair of gloves (worn)
Scrolls
 f - 4 scrolls of identify {unknown}
 h - a scroll of vulnerability {unknown}
 i - 2 scrolls of poison {unknown}
 k - a scroll of teleportation {unknown}
Potions
 d - 3 potions of might
 e - 2 potions of attraction


   Skills:
 + Level 3.4 Fighting
 + Level 3.1 Long Blades
 * Level 0.1 Throwing
 + Level 3.7 Armour
 + Level 0.5 Dodging
 + Level 3.4 Shields


You had 3 spell levels left.
You didn't know any spells.
Your spell library was empty.

Dungeon Overview and Level Annotations

Branches:
Dungeon (3/15)

Altars:


Message History

The orc is almost dead.
The orc barely misses you.
You hit the orc.
You kill the orc!
You closely miss the orc. You block the orc's attack.
The orc hits you with a +0 club.
You barely miss the orc. The orc barely misses you.
You hit the orc.
The orc is moderately wounded.
The orc hits you with a +0 club.
The orc priest looks encouraged for a moment.
You closely miss the orc.
The orc is moderately wounded.
You block the orc's attack.
You slash the orc!
You kill the orc!
The orc priest calls down the wrath of Beogh upon you.
Beogh smites you!
You slash the orc priest!
The orc priest is heavily wounded.
The orc priest closely misses you.
You hit the orc priest but do no damage.
The orc priest is heavily wounded.
You block the orc priest's attack.
It was a potion of attraction.
You feel attractive to monsters.
The orc priest hits you with a +0 mace of holy wrath.
Okay, then.
It was a potion of cancellation.
Your magical effects are unravelling.
You feel magically purged. The orc priest closely misses you.
You feel less attractive to monsters.
You hit the orc priest but do no damage.
The orc priest is heavily wounded.
The orc priest calls down the wrath of Beogh upon you.
Pain shoots through your body!
* * * LOW HITPOINT WARNING * * *
The orc priest calls down the wrath of Beogh upon you.
Beogh smites you!
You die...

#.. #.# ##.#### #.#
...#.. #.####
#.#..##
#.##.........###
#o##.#.#.#.....
#o##.# ...#.#.#
#@##># #.##.#.####
##.##.###.#........
#...........##.####
#^........#.##.##..
#.###.##.##.##.##.#
#. #.##.##.##.##.#
#. ##.##.##.##.....
#.##..##.##.##..#.#
#.##.###.##.##....#


You could see an orc priest and an orc.

Vanquished Creatures
  An adder (D:3)
  3 worms
  2 dart slugs (D:1)
  3 orcs (D:3)
  12 bats
  6 endoplasms
  A giant cockroach (D:2)
  5 goblins
  2 hobgoblins (D:1)
  4 jackals
  4 quokkas
  6 ball pythons
  2 frilled lizards
  8 kobolds
  9 rats
68 creatures vanquished.

Vanquished Creatures (others)
  A fungus (D:1)
1 creature vanquished.

Grand Total: 69 creatures vanquished

Notes
Turn   | Place    | Note
-------+----------+-------------------------------------------
     0 | D:1      | Dorkslayer the Human Fighter began the quest for the Orb.
     0 | D:1      | Reached XP level 1. HP: 18/18 MP: 1/1
    88 | D:1      | Reached XP level 2. HP: 11/24 MP: 2/2
   375 | D:1      | Reached XP level 3. HP: 26/29 MP: 3/3
   937 | D:2      | Reached XP level 4. HP: 28/35 MP: 4/4
  1722 | D:3      | Killed from afar by an orc priest

Illustrated notes

Levels and vault maps discovered:
D:1:      roderic_chinese_lattice_arrival, layout_basic,
          minmay_misc_feat_plants, chequers_serial_rivers_small_b
D:2:      layout_rooms
D:3:      layout_loops_ring, minitemple, kennysheep_generic_room_14

Skill      XL: |  1  2  3  4 |
---------------+-------------+-----
Long Blades    | 3 |  3.1
Fighting       | |  3.4
Throwing       | |  0.1
Armour         | |  3.7
Dodging        | |  0.5
Shields        | |  3.4

Action                   |  1- 3 |  4- 6 || total
-------------------------+-------+-------++-------
Melee: Long sword        |   127 |    87 ||   214
  Use: Potion            |       |     2 ||     2
Armor: Scale mail        |    57 |    37 ||    94
Dodge: Dodged            |    47 |    51 ||    98
Block: Buckler           |    30 |    38 ||    68

Table legend: (Time is in decaauts)
 A = Elapsed time spent in this place.
 B = Non-inter-level travel time spent in this place.
 C = Inter-level travel time spent in this place.
 D = Time resting spent in this place.
 E = Time spent auto-exploring this place.
 F = Levels seen in this place.
 G = Mean time per level.
                   A        B        C        D        E       F      G
               +--------+--------+--------+--------+--------+-----+--------+
         Total |   1789 |   1789 |      0 |      0 |    831 |   3 |  596.3 |
       Dungeon |   1789 |   1789 |      0 |      0 |    831 |   3 |  596.3 |
               +--------+--------+--------+--------+--------+-----+--------+

Top non-repeatable levels by time:
     D:1: 889 daAuts
     D:2: 553 daAuts
     D:3: 346 daAuts
